Bacon, chaotic male elven Priest ----------------------------------- #####........*....%.u......@............ # |............f.@..................| ------### |..------------d..s.------------ | |.%..-#### |..| |.....+ |....| |..| |.....| |.....### ...| |.@...| |...<| |..| -.....- ------ |..- .....l |.. {...... |..- .-+---- |..| -.| |..| |.| |..| +.| |..| |.| |..- -.- |.. . |.. . ---- --- Bacon the Adept Experience level: 6 Strength: 17 Dexterity: 12 Constitution: 12 Intelligence: 18 Wisdom: 11 Charisma: 8 Health: 0(42) Energy: 57(72) Def: 5 Gold: 278 Moves: 2519 Dungeon seed: MttRGBvkZ1Mr5FqN Game ID: Bacon_1516798361 Your Inventory: Coins $ - 278 gold pieces Weapons a - a blessed +1 mace (weapon in hand) b - an uncursed +0 elven dagger E - a blessed +8 crossbow named Newtsbane (alternate weapon; not wielded) Armor e - an uncursed +0 robe (being worn) r - an uncursed +0 pair of jumping boots (being worn) y - an uncursed +0 dwarvish roundshield (being worn) Comestibles c - an uncursed clove of garlic d - an uncursed sprig of wolfsbane k - an uncursed cram ration Scrolls o - an uncursed scroll of blank paper p - an uncursed scroll of enchant weapon s - 2 uncursed scrolls of scare monster C - an uncursed scroll of create monster W - an uncursed scroll of enchant armor Z - an uncursed scroll of destroy armor Spellbooks g - an uncursed spellbook of identify h - an uncursed spellbook of healing i - an uncursed spellbook of light Potions D - an uncursed potion of monster detection S - 4 potions of holy water U - an uncursed potion of sickness Wands f - an uncursed wand of cancellation (0:1) I - an uncursed wand of locking (0:5) Tools j - an uncursed tooled horn V - an uncursed skeleton key Gems n - a blessed touchstone q - 2 uncursed garnets z - 2 uncursed topazes Y - an uncursed sapphire Spells and supernatural/magical abilities: Name Level Category Fail Memory h - healing 1 healing 41% 88% l - light 1 divination 47% 88% I - identify 3 divination 89% 88% O - create monster 2 clerical 47% 96% W - pray for help -- divine ? -- X - turn undead -- divine ? -- Y - supernatural jump -- ability ? -- Your skills at the end: Miscellaneous Skills shield [Basic] wands [Basic] Weapon Skills mace [Basic] Spellcasting Skills clerical spells [Basic] Final Attributes: You were piously aligned. You were sleep resistant. Your writing hand was cramped from overuse. You had infravision. You were very stealthy. You could jump. You are dead. Vanquished creatures: a small mimic a dust vortex a rope golem a fire ant a baby crocodile 4 gnome lords 3 gnomish wizards a guardian naga hatchling a straw golem 2 kittens 9 dwarves a kobold lord a kobold shaman 2 hill orcs 2 rothes a centipede 3 hobbits 2 acid blobs 4 geckos a hobgoblin a green mold a red mold 24 gnomes 2 gnome zombies 3 jackals a fox 5 newts 3 grid bugs 5 lichens a kobold zombie 88 creatures vanquished. Voluntary challenges: You did not adorn yourself with jewelry or accessories. You did not cause conflict. You were not invisible. You did not have reflection. You were not displaced. You were an atheist. You used a wielded weapon 109 times, starting on turn 1. You did not use containers. You did not apply a unicorn horn. You did not use sinks. You read items or engraved 8 times, starting on turn 482. You never genocided any monsters. You never polymorphed an object. You never changed form. You used no wishes. You never split a pudding. You wrote Elbereth's name 4 times, starting on turn 482. You violated your moral code, losing 2 points of alignment, starting on turn 851. Dungeon overview: The Dungeons of Doom: levels 1 to 3 Level 1 a fountain a long staircase Level 2 a fountain Level 3 a potion shop stairs to The Gnomish Mines The Gnomish Mines: levels 4 to 7 Level 4 stairs to The Dungeons of Doom Level 5 Level 6 Level 7 <- You were here a fountain History has recorded: On T:1 you entered the Dungeons of Doom to retrieve the Amulet of Yendor! On T:449 you reached level 2 of The Dungeons of Doom. On T:587 you advanced to experience level 2. On T:817 you reached level 3 of The Dungeons of Doom. On T:1078 you advanced to experience level 3. On T:1244 you reached level 1 of The Gnomish Mines. On T:1253 you advanced to experience level 4. On T:1298 you advanced to experience level 5. On T:1563 you reached level 2 of The Gnomish Mines. On T:1692 you advanced to experience level 6. On T:1883 you reached level 3 of The Gnomish Mines. On T:2429 you reached level 4 of The Gnomish Mines. Score breakdown: Gold: 278 ( 27 points) Experience: 6 levels ( 500 points) Exploration: 7 levels ( 180 points) Discoveries: 32 items ( 1600 points) Variety of kills: 30 monsters ( 1500 points) Major goal: (nothing yet) ( 0 points) Survival: died (score multiplied by 3) Total score: 11421 Latest messages: You feel better. You start equipping your dwarvish roundshield. You are now holding a dwarvish roundshield. Where do you want to jump? You bump into Dog. Where do you want to jump? The white unicorn butts! The white unicorn kicks! The white unicorn butts! The white unicorn kicks! You hit the white unicorn. The white unicorn butts! The white unicorn kicks! The white unicorn butts! The white unicorn kicks! You die... Final status: Goodbye Bacon the Priest, killed by a white unicorn... You died in The Gnomish Mines on dungeon level 7 with 11421 points, and 278 pieces of gold, after 2519 moves. You were level 6 with a maximum of 42 hit points when you died.